 Dungeon Crawl Stone Soup version 0.31-a0-187-gba352fbbf7 (webtiles) character file.

Game seed: 5580724044020514797

248 qw the Skirmisher (level 5, -6/30 HPs)
             Began as a Deep Elf Hunter on June 22, 2023.
             Mangled by Sigmund
             ... wielding a +0 scythe
              (9 damage)
             ... on level 4 of the Dungeon.
             The game lasted 00:01:11 (3263 turns).

qw the Skirmisher (Deep Elf Hunter)                 Turns: 3263, Time: 00:01:11

Health: -6/30      AC:  4    Str: 14    XL:     5   Next: 86%
Magic:  7/7        EV: 13    Int: 13    God:
Gold:   172        SH:  5    Dex: 17    Spells: 4/4 levels left

rFire   . . .        Y - +0 shortbow
rCold   . . .        (shield currently unavailable)
rNeg    . . .        c - +0 leather armour
rPois   .            (helmet restricted)
rElec   .            (no cloak)
rCorr   .            (no gloves)
SInv    .            o - +0 pair of boots
Will    .....        e - amulet of reflection
Stlth   ++           (no ring)
HPRegen 0.25/turn    (no ring)
MPRegen 0.10/turn

%: reflection
@: no status effects
A: horns 1, deterioration 1, mutation resistance 1, strong 1
a: no special abilities


You were on level 4 of the Dungeon.
You visited 1 branch of the dungeon, and saw 4 of its levels.

You collected 172 gold pieces.


Innate Abilities, Weirdness & Mutations

You have a pair of small horns on your head.
Your body sometimes deteriorates upon taking damage.
You are somewhat resistant to further mutation.
Your muscles are strong. (Str +4, Int/Dex -1)


   Skills:
 + Level 1.7 Fighting
 - Level 9.1 Ranged Weapons
 - Level 3.1 Dodging
 - Level 1.2 Stealth


You had 4 spell levels left.
You didn't know any spells.
Your spell library was empty.

Inventory:

Hand Weapons
 Y - a +0 shortbow (weapon)
Armour
 b - a +0 scale mail
 c - a +0 leather armour (worn)
 o - a +0 pair of boots (worn)
Jewellery
 e - an amulet of reflection (around neck)
Scrolls
 a - 2 scrolls of identify
 g - a scroll of amnesia {unknown}
Potions
 d - a potion of resistance
 f - a potion of heal wounds {unknown}
 h - a potion of might {unknown}
 i - 2 potions of mutation
 j - a potion of curing
 k - a potion of degeneration {unknown}
 l - a potion of lignification {unknown}
 m - a potion of haste {unknown}
 n - a potion of berserk rage {unknown}

Dungeon Overview and Level Annotations

Branches:
Dungeon (4/15)
 Temple: D:4-7

Altars:
Fedhas

Annotations:
D:4 Sigmund


Message History

Enter note:
Enter note:
Enter note:
Enter note: You shoot an arrow.
The arrow hits Sigmund!
Sigmund is heavily wounded.
You shoot an arrow.
The arrow hits Sigmund but does no damage.
Sigmund is heavily wounded.
You shoot an arrow. The arrow closely misses Sigmund.
Sigmund closely misses you.
You shoot an arrow. The arrow closely misses Sigmund.
Sigmund hits you from afar with a +0 scythe!
You shoot an arrow. The arrow hits Sigmund.
Sigmund is heavily wounded.
You shoot an arrow. The arrow hits Sigmund.
Sigmund is severely wounded.
Sigmund hits you from afar with a +0 scythe!
Enter note:
Enter note:
Enter note:
Enter note:
Enter note:
Enter note:
3257 ||| UPGRADING to +0 scale mail.
You start removing your armour.
You continue taking off your +0 leather armour.
Sigmund gestures at you while chanting.
You stop removing your armour.
The puff of flame hits you.
3259 ||| UPGRADING to +0 scale mail.
Sigmund closely misses you.
You start removing your armour.
You continue taking off your +0 leather armour.
Sigmund barely misses you.
You continue taking off your +0 leather armour. x2
Sigmund gestures at you while chanting. The puff of flame hits you!
You continue taking off your +0 leather armour.
Sigmund hits you from afar with a +0 scythe!
You die...

######
###.....
......# #....#
#....# #
#....###.###
###
###....#@.@..#
..#
#........###.#
.## ##.....###
..## ##....##
...# #...###
...# #.###
...######.#
..........# ..
...##..##.#
...


You could see Sigmund.

Vanquished Creatures
  Jessica (D:2)
  An iguana (D:3)
  Natasha (twice) (D:3)
  Robin (D:2)
  5 adders
  2 dart slugs
  9 ball pythons
  9 endoplasms
  6 giant cockroaches
  15 goblins
  7 hobgoblins
  8 jackals
  2 quokkas
  5 bats
  2 frilled lizards
  4 kobolds
  3 rats
82 creatures vanquished.

Notes
Turn   | Place    | Note
-------+----------+-------------------------------------------
     0 | D:1      | qw the Deep Elf Hunter began the quest for the Orb.
     0 | D:1      | Reached XP level 1. HP: 12/12 MP: 3/3
     0 | D:1      | 0 ||| qw: Version: 0.3-a-9-g12657ce
     0 | D:1      | 0 ||| qw: Game counter: 2026
     0 | D:1      | 0 ||| qw: Always use a shield: true
     0 | D:1      | 0 ||| qw: God list: Okawaru
     0 | D:1      | 0 ||| qw: Allow faded altars: false
     0 | D:1      | 0 ||| qw: Do Orc after D:15 true
     0 | D:1      | 0 ||| qw: Do second Lair branch before Depths: true
     0 | D:1      | 0 ||| qw: Lair rune preference: random
     0 | D:1      | 0 ||| qw: Plans: Normal
     0 | D:1      | 0 ||| PLANNING D:1-11
   246 | D:1      | Reached skill level 6 in Ranged Weapons
   246 | D:1      | Reached XP level 2. HP: 16/16 MP: 4/4
   917 | D:1      | Reached XP level 3. HP: 20/20 MP: 5/5
   999 | D:1      | 999 ||| UPGRADING to amulet of reflection.
  1004 | D:1      | 1004 ||| READING 2 scrolls labelled GIFYPH NYDIB.
  1005 | D:1      | 1005 ||| READING 2 scrolls labelled CEOV RUKHIG.
  1009 | D:1      | 1009 ||| READING scroll labelled UMIUDA JIUMEOSOLLE.
  1110 | D:1      | 1110 ||| DROPPING scroll of butterflies.
  1144 | D:2      | Found a blossoming altar of Fedhas.
  1312 | D:2      | Noticed Jessica
  1317 | D:2      | Killed Jessica
  1318 | D:2      | Reached skill level 7 in Ranged Weapons
  1427 | D:2      | Found a faded altar of an unknown god.
  1520 | D:2      | Reached XP level 4. HP: 25/25 MP: 6/6
  1622 | D:2      | Noticed Robin
  1632 | D:2      | HP: 5/25 [goblin/+0 club[Robin] (2)]
  1633 | D:2      | 1633 ||| READING scroll of teleportation.
  1635 | D:2      | Killed Robin
  1930 | D:2      | Reached skill level 8 in Ranged Weapons
  2072 | D:2      | 2072 ||| UPGRADING to +1 helmet.
  2077 | D:2      | 2077 ||| READING scroll labelled CAXKAG AGEILLO.
  2121 | D:2      | 2121 ||| DRINKING 2 pink potions.
  2121 | D:2      | Gained mutation: Your body sometimes deteriorates upon
                  | taking damage. [potion of mutation]
  2121 | D:2      | Gained mutation: Your muscles are strong. (Str +4, Int/Dex
                  | -1) [potion of mutation]
  2121 | D:2      | Gained mutation: You have a pair of small horns on your
                  | head. [potion of mutation]
  2121 | D:2      | Gained mutation: You are somewhat resistant to further
                  | mutation. [potion of mutation]
  2122 | D:2      | 2122 ||| DROPPING +1 helmet.
  2193 | D:3      | Reached XP level 5. HP: 17/29 MP: 7/7
  2507 | D:3      | Noticed Natasha
  2516 | D:3      | HP: 7/29 [cerulean imp/+1 spear[Natasha] (4)]
  2518 | D:3      | Killed Natasha
  2744 | D:3      | Noticed Natasha
  2747 | D:3      | Killed Natasha
  2748 | D:3      | Reached skill level 9 in Ranged Weapons
  3028 | D:3      | 3028 ||| UPGRADING to +0 pair of boots.
  3033 | D:3      | 3033 ||| DRINKING 2 glowing sapphire potions.
  3034 | D:3      | 3034 ||| DRINKING 2 bubbling cyan potions.
  3035 | D:3      | 3035 ||| DRINKING 2 glowing amethyst potions.
  3036 | D:3      | 3036 ||| READING 2 scrolls of identify.
  3036 | D:3      | 3036 ||| IDENTIFYING dark potion
  3037 | D:3      | 3037 ||| DROPPING potion of brilliance.
  3038 | D:3      | 3038 ||| DROPPING potion of magic.
  3039 | D:3      | 3039 ||| DROPPING potion of invisibility.
  3139 | D:4      | Reached skill level 3 in Dodging
  3195 | D:4      | 3195 ||| FLEEEEING.
  3202 | D:4      | 3202 ||| FLEEEEING.
  3210 | D:4      | 3210 ||| STAIRDANCE
  3219 | D:3      | 3219 ||| READING 2 scrolls of identify.
  3219 | D:3      | 3219 ||| IDENTIFYING golden potion
  3250 | D:4      | Noticed Sigmund
  3257 | D:4      | 3257 ||| UPGRADING to +0 scale mail.
  3259 | D:4      | 3259 ||| UPGRADING to +0 scale mail.
  3262 | D:4      | HP: 3/30 [Sigmund/puff of flame (7)]
  3263 | D:4      | Mangled by Sigmund

Levels and vault maps discovered:
D:1:      dpeg_arrival_stone_temple_mockup, layout_loops_corners
D:2:      mumra_celtic_spiral_tile, layout_rooms, basic_altar,
          hellmonk_ecumenical_altar_heavens_door, kennysheep_generic_room_13,
          uniq_jessica, uniq_robin
D:3:      corexii_shack_village, layout_basic, uniq_natasha
D:4:      layout_rooms, mainiacjoe_overflow_alcove_1, uniq_sigmund

Skill      XL: |  1  2  3  4  5 |
---------------+----------------+-----
Ranged Weapons | 6 7 8 9 |  9.1
Dodging        | 3 |  3.1
Fighting       | |  1.7
Stealth        | |  1.2

Action                     |  1- 3 |  4- 6 || total
---------------------------+-------+-------++-------
   Fire: Shortbow          |   109 |   146 ||   255
    Use: Scroll            |     3 |     4 ||     7
         Potion            |       |     4 ||     4
 Armour: Leather armour    |    14 |    15 ||    29
  Dodge: Dodged            |    27 |    34 ||    61
  Block: Other             |     5 |    13 ||    18

Table legend:
 A = Non-vault XP
 B = Vault XP
 C = Vault XP percentage of total XP
 D = Non-vault monster count
 E = Vault monster count
 F = Vault count percentage of total count
                 A         B        C        D         E       F
            +---------+---------+-------+---------+---------+-------
      Total |     238 |     117 |  33.0 |      69 |      13 |  15.9
            +---------+---------+-------+---------+---------+-------
        D:1 |      41 |       0 |   0.0 |      22 |       0 |   0.0
        D:2 |      56 |      77 |  57.9 |      20 |       9 |  31.0
        D:3 |      93 |      40 |  30.1 |      14 |       4 |  22.2
        D:4 |      48 |       0 |   0.0 |      13 |       0 |   0.0
            +---------+---------+-------+---------+---------+-------
